 Dungeon Crawl Stone Soup version 0.32-a0-893-gf85d74f360 (webtiles) character file.

Game seed: 3616112162374821264

1574 Autsider the Chopper (level 8, -5/71 HPs)
             Began as a Mountain Dwarf Cinder Acolyte on Apr 3, 2024.
             Was a Believer of Ignis.
             Killed by divine providence
             ... invoked by an orc priest
              (16 damage)
             ... on level 7 of the Dungeon.
             The game lasted 00:17:36 (6118 turns).

Autsider the Chopper (MDCA)                         Turns: 6118, Time: 00:17:37

Health: -5/71      AC: 16    Str: 22    XL:     8   Next: 59%
Magic:  9/18       EV: 15    Int: 16    God:    Ignis [**....]
Gold:   161        SH:  0    Dex:  5    Spells: 7/9 levels left

rFire   + . .        q - +0 dagger of Objectivity {speed, *Rage rCorr MP+9 Str+4}
rCold   . . .        (no shield)
rNeg    + + .        x - +2 leather armour {rN+}
rPois   .            v - +0 helmet
rElec   .            E - +0 cloak
rCorr   +            D - +0 pair of gloves
SInv    .            (no boots)
Will    .....        (no amulet)
Stlth   +            A - ring of positive energy
HPRegen 0.31/turn    r - +5 ring of evasion
MPRegen 0.16/turn

%: random rage (20%)
@: fiery-armoured
A: runic magic, artefact enchanting
a: Renounce Religion, Fiery Armour, Foxfire Swarm, Rising Flame


You were on level 7 of the Dungeon.
You worshipped Ignis.
Ignis was pleased with you.
You visited 1 branch of the dungeon, and saw 7 of its levels.

You collected 216 gold pieces.
You spent 55 gold pieces at shops.

Inventory:

Hand Weapons
 a - a -1 hand axe of flaming
 q - the +0 dagger of Objectivity (weapon) {speed, *Rage rCorr MP+9 Str+4}
   (You found it on level 3 of the Dungeon)

   Str+4:     It affects your strength (+4).
   MP+9:      It affects your magic capacity (+9).
   *Rage:     It berserks you when you make melee attacks (+20% chance).
   rCorr:     It protects you from acid and corrosion.
Missiles
 e - 7 poisoned darts (quivered)
Armour
 b - a +0 robe
 g - a +0 chain mail
 v - a +0 helmet (worn)
 x - a +2 leather armour of positive energy (worn)
 D - a +0 pair of gloves (worn)
 E - a +0 cloak (worn)
 I - an orb of wrath
 L - a +0 pair of boots
Magical Staves
 f - a staff of conjuration
 K - a staff of fire
Jewellery
 n - a ring of flight
 r - a +5 ring of evasion (right hand)
 A - a ring of positive energy (left hand)
 N - a +6 ring of intelligence
Talismans
 p - the dragon-blood talisman of Past Mistakes {Str+3}
   (You found it on level 3 of the Dungeon)

   [dragon-blood talisman]

   Str+3:     It affects your strength (+3).
 y - the flux talisman of the Louse {rF++ Slay+5}
   (You found it on level 4 of the Dungeon)

   [flux talisman]

   Slay+5:    It affects your accuracy & damage with ranged weapons and melee
   (+5).
   rF++:      It greatly protects you from fire.
Wands
 w - a wand of charming (14)
Scrolls
 c - 2 scrolls of noise {unknown}
 h - 2 scrolls of revelation {unknown}
 k - a scroll of immolation {unknown}
 l - 2 scrolls of fog {unknown}
 m - a scroll of vulnerability {unknown}
 o - a scroll of amnesia {unknown}
 s - 8 scrolls of teleportation {@r2}
 B - 4 scrolls of identify {@r1}
 F - 3 scrolls of poison {unknown}
 H - a scroll of torment {unknown}
 J - a scroll of enchant weapon {unknown}
 M - a scroll of silence {unknown}
Potions
 d - a potion of berserk rage {unknown}
 i - 3 potions of degeneration {unknown}
 j - 3 potions of might {unknown}
 t - 3 potions of mutation {unknown}
 u - a potion of haste {unknown}
 z - 3 potions of curing {unknown}
 C - a potion of brilliance {unknown}
 G - 2 potions of lignification {unknown}


   Skills:
 + Level 6.7 Fighting
 + Level 7.3 Axes
 + Level 5.6 Armour
 - Level 1.0 Spellcasting
 - Level 5.5 Fire Magic
 + Level 3.4 Shapeshifting


You had 7 spell levels left.
You knew the following spells:

 Your Spells              Type           Power      Damage    Failure   Level
a - Scorch                Fire           36%        2d6       3%          2

Your spell library contained the following spells:

 Spells                   Type           Power      Damage    Failure   Level


Dungeon Overview and Level Annotations

Branches:
Dungeon (7/15)             Temple (0/1) D:5

Altars:
Nemelex Xobeh
Qazlal
Trog
Vehumet
Zin

Shops:
D:4 :?


Innate Abilities, Weirdness & Mutations

Your spellcasting is much less encumbered by armour.
You can use scrolls of enchantment on lesser artefacts.


Message History

The foxfire hits the orc!
You kill the orc!
The foxfire hits the troll.
The troll is severely wounded.
The foxfire hits the troll but does no damage.
The troll is severely wounded.
The foxfire hits the troll.
The troll is severely wounded.
The foxfire hits the troll.
The troll is almost dead.
The foxfire hits the troll.
The troll is almost dead.
The foxfire hits the troll but does no damage.
The troll is almost dead.
The orc priest miscasts a cantrip.
Activating: Foxfire Swarm
Press: ? - help, Dir - look around, f - activate Flames leap up around you!
The centaur is no longer more vulnerable to fire.
The orc closely misses you.
The foxfire hits the orc but does no damage.
The foxfire hits the troll.
The troll is almost dead.
Your foxfire dissipates!
The foxfire hits the orc.
The orc is heavily wounded.
The foxfire hits the orc.
The orc is severely wounded.
The foxfire hits the orc but does no damage.
The orc is severely wounded.
The foxfire hits the orc.
You kill the orc!
The foxfire hits the orc.
The orc is heavily wounded.
The foxfire hits the orc.
The orc is almost dead.
The orc priest mumbles some strange prayers to Beogh against you.
Beogh smites you!
You die...
Ignis goes out, and joins you in death.

#.##.#)# #.# .#.######.##.#)#
#.# .........#.##.#)####.######
#.###.#.# ##.#.##.#.<.........#
#.......# #....##.#...........#
#.......# #....##.#...........#
#.......# #....##.##..........#
#.......####v#v##..'..........#
#.......#..vv#@#####..........#
#.......).o)o.§# ###.########
#.......#.##).§#### #.#
#.....c.#..cT.§§...# #.#
#.......####.#.###$# #.#
#.......# ...... #...###o#
#.....## ##### #.# #.....#
.#######o# ........


You could see a troll (ally target), a centaur, an orc priest and an orc.

Vanquished Creatures
  A steam dragon (D:6)
  An orc warrior (D:6)
  2 phantoms
  3 bullfrogs
  3 scorpions
  4 wights (D:6)
  3 hounds
  2 bombardier beetles
  4 iguanas
  Crazy Yiuf (D:4)
  A gnoll bouda (D:7)
  Ijyb (D:3)
  2 orc wizards (D:6)
  Robin (D:3)
  8 gnolls
  An adder (D:5)
  A shadow imp (D:6)
  A white imp (D:6)
  7 ribbon worms
  2 dart slugs
  18 orcs
  12 ball pythons
  2 endoplasms
  2 giant cockroaches
  20 goblins
  15 hobgoblins
  2 jackals (D:1)
  4 quokkas
  3 bats (D:2)
  4 frilled lizards
  7 rats
138 creatures vanquished.

Vanquished Creatures (collateral kills)
  A foxfire (D:7)
1 creature vanquished.

Vanquished Creatures (others)
  14 foxfires
14 creatures vanquished.

Grand Total: 153 creatures vanquished

Notes
Turn   | Place    | Note
-------+----------+-------------------------------------------
     0 | D:1      | Autsider the Mountain Dwarf Cinder Acolyte began the quest
                  | for the Orb.
     0 | D:1      | Reached XP level 1. HP: 19/19 MP: 2/2
   148 | D:1      | Reached XP level 2. HP: 26/26 MP: 3/3
   320 | D:1      | Reached skill level 1 in Armour
   403 | D:1      | Reached skill level 4 in Axes
   479 | D:1      | Found a faded altar of an unknown god.
   620 | D:2      | Reached XP level 3. HP: 30/33 MP: 4/4
   675 | D:2      | Reached XP level 4. HP: 7/40 MP: 5/5
  1387 | D:3      | Identified the dragon-blood talisman of Past Mistakes
                  | {Str+3}
  1391 | D:3      | Identified the +0 dagger of Objectivity {speed, *Rage rCorr
                  | MP+9 Str+4}
  1600 | D:3      | Reached XP level 5. HP: 46/46 MP: 6/6
  1842 | D:3      | Found a glowing silver altar of Zin.
  1842 | D:3      | Noticed Robin
  1847 | D:3      | Noticed an angel
  1865 | D:3      | Killed Robin
  1877 | D:3      | Learned a level 2 spell: Scorch
  1947 | D:3      | Noticed Ijyb
  1962 | D:3      | Killed Ijyb
  2219 | D:3      | Reached skill level 5 in Axes
  2322 | D:3      | Found a bloodstained altar of Trog.
  2331 | D:3      | Found a sparkling altar of Nemelex Xobeh.
  2442 | D:4      | Reached skill level 5 in Fire Magic
  2442 | D:4      | Reached XP level 6. HP: 43/53 MP: 7/7
  2617 | D:4      | Identified the flux talisman of the Louse {rF++ Slay+5}
  2908 | D:4      | Found Feshump's Self-Improvement Boutique.
  2943 | D:4      | Found Keulaop's Magic Scroll Boutique.
  2946 | D:4      | Bought a scroll of teleportation for 33 gold pieces
  2946 | D:4      | Bought a scroll of identify for 22 gold pieces
  3128 | D:4      | Found a runed translucent door.
  3129 | D:4      | Noticed Crazy Yiuf
  3458 | D:4      | Killed Crazy Yiuf
  3562 | D:5      | Entered Level 5 of the Dungeon
  3588 | D:5      | Found a stormy altar of Qazlal.
  3818 | D:5      | Found a staircase to the Ecumenical Temple.
  3825 | D:5      | Reached skill level 5 in Fighting
  3825 | D:5      | Reached skill level 1 in Shapeshifting
  4367 | D:6      | Reached XP level 7. HP: 58/61 MP: 8/8
  4639 | D:6      | Reached skill level 6 in Axes
  4924 | D:6      | Reached XP level 8. HP: 24/70 MP: 9/9
  5197 | D:6      | Found a radiant altar of Vehumet.
  5396 | D:6      | Reached skill level 5 in Armour
  5729 | D:7      | Reached skill level 7 in Axes
  6087 | D:7      | Noticed a troll
  6118 | D:7      | Killed from afar by an orc priest

Illustrated notes

Levels and vault maps discovered:
D:1:      eino_arrival_cavern_a, layout_rooms,
          hellmonk_ecumenical_altar_run_dry, dreamdust_mushroom_princess
D:2:      layout_rooms, nicolae_the_louvre
D:3:      layout_basic, zin_angel, mainiacjoe_overflow_swirl, minmay_liquid_box,
          uniq_ijyb, uniq_robin
D:4:      layout_basic, serial_shops, nicolae_shop_tiny_real_fake_doors,
          hangedman_abyss_or_decor_stagger, nicolae_shop_self_help,
          uniq_crazy_yiuf_cottage
D:5:      nicolae_cairo_tiling_very_big, layout_basic, grunt_qazlal_clouds,
          temple_green
D:6:      layout_gridville, vehumet_crystals
D:7:      layout_basic, gammafunk_temple_overflow_wave

Skill      XL: |  1  2  3  4  5  6  7  8 |
---------------+-------------------------+-----
Armour         | 1 2 3 4 5 |  5.6
Axes           | 4 5 6 7 |  7.3
Fire Magic     | 4 5 |  5.5
Fighting       | 4 5 6 |  6.7
Shapeshifting  | 1 2 3 |  3.4
Spellcasting   | |  1.0

Action                     |  1- 3 |  4- 6 |  7- 9 || total
---------------------------+-------+-------+-------++-------
  Melee: Hand axe          |    95 |    90 |       ||   185
         Dagger            |       |   166 |    47 ||   213
   Cast: Scorch            |       |    49 |    70 ||   119
 Invoke: Fiery Armour      |     1 |     1 |     2 ||     4
         Foxfire Swarm     |     1 |       |     2 ||     3
 Armour: Robe              |    12 |       |       ||    12
         Chain mail        |   120 |   173 |       ||   293
         Leather armour    |       |    24 |    93 ||   117
  Dodge: Dodged            |    41 |    85 |   125 ||   251

Table legend: (Time is in decaauts)
 A = Elapsed time spent in this place.
 B = Non-inter-level travel time spent in this place.
 C = Inter-level travel time spent in this place.
 D = Time resting spent in this place.
 E = Time spent auto-exploring this place.
 F = Levels seen in this place.
 G = Mean time per level.
                   A        B        C        D        E       F      G
               +--------+--------+--------+--------+--------+-----+--------+
         Total |   6194 |   6025 |    169 |    431 |   4415 |   7 |  884.9 |
       Dungeon |   6194 |   6025 |    169 |    431 |   4415 |   7 |  884.9 |
               +--------+--------+--------+--------+--------+-----+--------+

Top non-repeatable levels by time:
     D:6: 1401 daAuts
     D:3: 1310 daAuts
     D:4: 1147 daAuts
     D:5: 766 daAuts
     D:2: 586 daAuts
     D:1: 585 daAuts
     D:7: 397 daAuts
